 Dungeon Crawl Stone Soup version 0.32-a0-699-g1ee5eff69a (webtiles) character file.

Game seed: 13581009297179814691

382 BeKind the Chiller (level 6, -3/36 HPs)
             Began as an Octopode Ice Elementalist on Mar 13, 2024.
             Was an Initiate of Vehumet.
             Slain by Pikel
             ... wielding a +2 whip of electrocution
              (9 damage)
             ... on level 4 of the Dungeon.
             The game lasted 00:03:54 (2936 turns).

BeKind the Chiller (Octopode Ice Elementalist)      Turns: 2936, Time: 00:03:54

Health: -3/36      AC:  1    Str:  7    XL:     6   Next: 76%
Magic:  9/11       EV: 13    Int: 20    God:    Vehumet [......]
Gold:   150        SH:  0    Dex: 12    Spells: 7/11 levels left

rFire   . . .        o - +4 trident
rCold   . . .        (no shield)
rNeg    . . .        (helmet restricted)
rPois   .            (no amulet)
rElec   .            f - ring of resist corrosion
rCorr   +            (no ring)
SInv    .            (no ring)
Will    .....        (no ring)
Stlth   +++          (no ring)
HPRegen 0.26/turn    (no ring)
MPRegen 0.12/turn    (no ring)
                     (no ring)

%: no passive effects
@: no status effects
A: almost no armour, amphibious, 8 rings, camouflage 1, gelatinous body 1,
(nimble swimmer 1), tentacles
a: Renounce Religion


You were on level 4 of the Dungeon.
You worshipped Vehumet.
Vehumet was noncommittal.
You visited 1 branch of the dungeon, and saw 4 of its levels.

You collected 150 gold pieces.

Inventory:

Hand Weapons
 d - a +0 dagger
 o - a +4 trident (weapon)
Jewellery
 b - a ring of fire
 f - a ring of resist corrosion (left tentacle)
Wands
 r - a wand of flame (1)
Scrolls
 c - a scroll of silence {unknown}
 g - 3 scrolls of identify {unknown}
 j - 2 scrolls of teleportation {unknown}
 k - a scroll of poison {unknown}
 n - a scroll of enchant weapon {unknown}
 q - a scroll of immolation {unknown}
 s - a scroll of torment {unknown}
Potions
 a - a potion of magic
 e - 3 potions of curing {unknown}
 h - a potion of degeneration {unknown}
 i - a potion of heal wounds {unknown}
 l - a potion of invisibility {unknown}
 m - a potion of resistance {unknown}
 p - a potion of enlightenment {unknown}


   Skills:
 * Level 2.2 Polearms
 + Level 3.6 Dodging
 - Level 3.0 Stealth
 + Level 3.3 Spellcasting
 * Level 3.7 Summonings
 - Level 4.2 Ice Magic


You had 7 spell levels left.
You knew the following spells:

 Your Spells              Type           Power      Damage    Failure   Level
a - Freeze                Ice            80%        1d9       2%          1
b - Summon Ice Beast      Ice/Summ       19%        N/A       9%          3

Your spell library contained the following spells:

 Spells                   Type           Power      Damage    Failure   Level
 Frozen Ramparts          Ice            40%        1d7       7%          3
 Ozocubu's Armour         Ice            20%        N/A       7%          3
 Volatile Blastmotes      Fire/Tloc      6%         2d10      38%         3
 Fulminant Prism          Conj/Alch      1%         3d5       80%         4
 Iskenderun's Mystic Bla  Conj/Tloc      3%         2d3       80%         4


Dungeon Overview and Level Annotations

Branches:
Dungeon (4/15)
 Temple: D:4-7

Altars:
Kikubaaqudgha
Makhleb
Trog
Vehumet
Xom

Annotations:
D:4 Pikel


Innate Abilities, Weirdness & Mutations

You cannot wear most types of armour.
You are amphibious.
You can wear up to eight rings at the same time.
Your skin changes colour to match your surroundings (Stealth+).
Your rubbery body absorbs attacks. (AC +1, EV +1)
((You are camouflaged when in or above water. (Stealth+)))
You have tentacles for arms and can constrict up to eight enemies at once.


Message History

Your ice beast barely misses the lemure.
You puncture the lemure! You grab the lemure.
The lemure is heavily wounded.
You constrict the lemure.
The goblin hits your ice beast but does no damage.
The lemure barely misses you.
Your ice beast hits the goblin.
The goblin dies!
Vehumet accepts your kill.
You puncture the lemure!
You kill the lemure!
That felt strangely unrewarding.
Your ice beast barely misses the lemure.
Pikel hits you with a +2 whip of electrocution.
You barely miss Pikel. Your grab misses Pikel. Your squeeze misses Pikel.
Your ice beast closely misses the lemure.
Pikel barely misses you.
Your ice beast barely misses the lemure.
You hit Pikel. You grab Pikel. You squeeze Pikel.
Pikel is moderately wounded.
You constrict Pikel.
Pikel hits you with a +2 whip of electrocution!
Your ice beast hits the lemure.
Your ice beast freezes the lemure!
You are too injured to fight recklessly!
You are too injured to fight recklessly!
You hit Pikel but do no damage. You squeeze Pikel.
Pikel is moderately wounded.
You constrict Pikel.
Pikel hits you with a +2 whip of electrocution!
* * * LOW HITPOINT WARNING * * *
Your ice beast hits the lemure.
Your ice beast freezes the lemure!
Okay, then.
You hit Pikel. Your squeeze misses Pikel.
Pikel is heavily wounded.
You constrict Pikel. Pikel misses you.
Your ice beast misses the lemure.
You hit Pikel but do no damage. You squeeze Pikel.
Pikel is severely wounded.
You constrict Pikel. Pikel misses you.
Your ice beast misses the lemure.
Pikel hits you with a +2 whip of electrocution!
You die...
Pikel says, "Another soul for the market."

.........._..# ..
##########.### # .$
#########.### #.#.
#<..........# ####.#.
#.#########.# ....... #.#
#.# .?..... #.# #.#
.......#####.# #.##
....)Y55K@...# #####..#
.^....5###########......#
....... ###.......#'#..#
....... #.....#...#.#..#
....... #.#.#.#.#.#.#.##
...5... #.#.#.#...#.#..#
....... #.#.#.#..##.##.#
....... #.#...#..#...#.##
#.#.###..#._.#...


You could see Pikel, 3 lemures and a friendly ice beast (summoned).

Vanquished Creatures
  A black bear (D:4)
  A lemure (D:4)
  A bombardier beetle (D:3)
  An adder (D:2)
  A gnoll (D:3)
  2 ribbon worms
  2 dart slugs (D:1)
  6 orcs
  An endoplasm (D:2)
  2 giant cockroaches
  3 goblins
  2 hobgoblins (D:1)
  2 quokkas
  6 ball pythons
  4 bats
  3 frilled lizards
  4 kobolds (D:1)
  3 rats (D:1)
45 creatures vanquished.

Vanquished Creatures (collateral kills)
  A scorpion (D:4)
  A crimson imp (D:3)
  Terence (D:3)
  5 gnolls
  An adder (D:2)
  2 orcs (D:3)
  2 goblins
  A hobgoblin (D:3)
  A kobold (D:3)
  A rat (D:3)
16 creatures vanquished.

Grand Total: 61 creatures vanquished

Notes
Turn   | Place    | Note
-------+----------+-------------------------------------------
     0 | D:1      | BeKind the Octopode Ice Elementalist began the quest for
                  | the Orb.
     0 | D:1      | Reached XP level 1. HP: 11/11 MP: 3/3
   171 | D:1      | Reached XP level 2. HP: 17/17 MP: 3/5
   775 | D:2      | Reached XP level 3. HP: 14/21 MP: 6/6
   779 | D:2      | Learned a level 3 spell: Summon Ice Beast
   843 | D:2      | Found a faded altar of an unknown god.
   915 | D:2      | Reached skill level 1 in Summonings
   922 | D:2      | Reached XP level 4. HP: 19/27 MP: 1/7
  1664 | D:3      | Reached XP level 5. HP: 18/31 MP: 9/9
  2221 | D:3      | Found an ancient bone altar of Kikubaaqudgha.
  2330 | D:3      | Noticed Terence
  2336 | D:3      | Killed Terence
  2392 | D:3      | Reached skill level 1 in Polearms
  2412 | D:3      | Found a radiant altar of Vehumet.
  2413 | D:3      | Found a burning altar of Makhleb.
  2420 | D:3      | Reached XP level 6. HP: 31/36 MP: 6/10
  2424 | D:3      | Became a worshipper of Vehumet
  2690 | D:4      | Found a bloodstained altar of Trog.
  2703 | D:4      | Noticed a black bear
  2708 | D:4      | Killed a black bear
  2721 | D:4      | Found a shimmering altar of Xom.
  2924 | D:4      | Noticed Pikel
  2936 | D:4      | Slain by Pikel

Illustrated notes

Levels and vault maps discovered:
D:1:      psy_arrival_heroes, layout_basic
D:2:      layout_basic, shapermc_ecumenical_altar_gd
D:3:      layout_loops_ring, grunt_temple_overflow_lords_of_destruction,
          kiku_gazebo_pond_becter, uniq_terence
D:4:      nicolae_BIG_FREAKIN_CUBE, layout_basic, lemuel_crystal_altar,
          mainiacjoe_overflow_surrounded_room, minmay_misc_feat_rows,
          grunt_ministairs_7, uniq_blork_the_orc, uniq_pikel

Skill      XL: |  1  2  3  4  5  6 |
---------------+-------------------+-----
Stealth        | 3 |  3.0
Summonings     | 1 2 3 |  3.7
Dodging        | 3 |  3.6
Spellcasting   | 3 |  3.3
Polearms       | 1 2 |  2.2
Ice Magic      | |  4.2

Action                     |  1- 3 |  4- 6 || total
---------------------------+-------+-------++-------
  Melee: Dagger            |    29 |    24 ||    53
         Constrict         |     7 |    12 ||    19
         Unarmed           |     1 |       ||     1
         Tentacles         |     5 |    11 ||    16
         Trident           |       |    32 ||    32
   Cast: Freeze            |     9 |     7 ||    16
         Summon Ice Beast  |     2 |     8 ||    10
   Stab: Sleeping          |     6 |     4 ||    10
 Armour: Skin              |    18 |    34 ||    52
  Dodge: Dodged            |    14 |    39 ||    53

Table legend: (Time is in decaauts)
 A = Elapsed time spent in this place.
 B = Non-inter-level travel time spent in this place.
 C = Inter-level travel time spent in this place.
 D = Time resting spent in this place.
 E = Time spent auto-exploring this place.
 F = Levels seen in this place.
 G = Mean time per level.
                   A        B        C        D        E       F      G
               +--------+--------+--------+--------+--------+-----+--------+
         Total |   2941 |   2891 |     50 |    250 |   2221 |   4 |  735.2 |
       Dungeon |   2941 |   2891 |     50 |    250 |   2221 |   4 |  735.2 |
               +--------+--------+--------+--------+--------+-----+--------+

Top non-repeatable levels by time:
     D:3: 1124 daAuts
     D:2: 827 daAuts
     D:1: 697 daAuts
     D:4: 292 daAuts
